 Dungeon Crawl Stone Soup version 0.29-a0-1016-g236c7fd91e (webtiles) character file.

Game seed: 13058462294529488691

39 flotson the Chucker (level 3, -1/27 HPs)
             Began as a Demonspawn Wanderer on Aug 9, 2022.
             Succumbed to a goblin's poison
             ... on level 2 of the Dungeon.
             The game lasted 00:02:39 (1480 turns).

flotson the Chucker (Demonspawn Wanderer)           Turns: 1480, Time: 00:02:40

Health: -1/27      AC:  3    Str: 14    XL:     3   Next: 26%
Magic:  3/3        EV: 20    Int:  9    God:
Gold:   94         SH:  0    Dex: 16    Spells: 2/2 levels left

rFire   . . .      SeeInvis .   a - +3 dagger
rCold   . . .      Faith    .   (no shield)
rNeg    . . .      Spirit   .   e - +0 leather armour
rPois   .          Reflect  .   (no helmet)
rElec   .          Harm     .   (no cloak)
rCorr   .          Rampage  .   (no gloves)
Will    .....                   (no boots)
Stlth   ++........              (no amulet)
HPRegen 0.09/turn               f - +4 ring of evasion
MPRegen 0.08/turn               k - +4 ring of evasion

@: lethally poisoned (-1 -> -12), attractive, invisible
A: ignite blood 2, mutation resistance 1
a: no special abilities


You were on level 2 of the Dungeon.
You visited 1 branch of the dungeon, and saw 2 of its levels.

You collected 94 gold pieces.

Inventory:

Hand Weapons
 a - a +3 dagger (weapon)
Missiles
 b - 3 curare-tipped darts (quivered)
Armour
 e - a +0 leather armour (worn)
Jewellery
 f - a +4 ring of evasion (left hand)
 k - a +4 ring of evasion (right hand)
Scrolls
 d - a scroll of silence
 h - a scroll of enchant weapon {unknown}
 i - a scroll of identify {unknown}
 l - a scroll of teleportation {unknown}
 m - a scroll of vulnerability {unknown}
 o - a scroll of blinking {unknown}
 p - a scroll of immolation {unknown}
 r - a scroll of fear {unknown}
Potions
 c - a potion of attraction
 g - a potion of invisibility
 j - a potion of mutation
 n - a potion of lignification {unknown}
 q - 2 potions of heal wounds {unknown}


   Skills:
 + Level 1.7 Fighting
 - Level 1.7 Long Blades
 + Level 4.7 Throwing
 + Level 1.2 Armour
 + Level 1.6 Dodging
 - Level 1.0 Stealth


You had 2 spell levels left.
You didn't know any spells.
Your spell library contained the following spells:

 Spells                   Type           Power      Damage    Failure   Level
 Ozocubu's Armour         Ice            0%         N/A       83%         3
 Ozocubu's Refrigeration  Ice            0%         4d7       100%        7


Dungeon Overview and Level Annotations

Branches:
Dungeon (2/15)

Altars:


Innate Abilities, Weirdness & Mutations

Your demonic aura often causes spilled blood to erupt in flames.
You are somewhat resistant to further mutation.


Message History

You kill the worm!
The goblin shoots a sling bullet.
The sling bullet hits you but does no damage.
The endoplasm misses you. The hobgoblin closely misses you.
You closely miss the goblin.
The goblin shoots a sling bullet.
The sling bullet hits you. The goblin completely misses you.
The endoplasm barely misses you. The hobgoblin closely misses you.
You hit the goblin.
The goblin is severely wounded.
The goblin shoots a sling bullet.
The sling bullet closely misses you.
The goblin hits you with a +0 dagger of venom.
You are poisoned.
The endoplasm freezes you.
You are frozen.
The hobgoblin misses you. The goblin attacks as you move away!
The goblin misses you. The endoplasm attacks as you move away!
The endoplasm completely misses you. The hobgoblin attacks as you move away!
The hobgoblin hits you.
* * * LOW HITPOINT WARNING * * *
You feel very sick.
* * * LOW HITPOINT WARNING * * *
You feel sick. The hobgoblin barely misses you.
It was a potion of attraction.
You feel attractive to monsters.
* * * LOW HITPOINT WARNING * * *
You feel sick. The goblin completely misses you. The hobgoblin misses you.
The endoplasm is attracted toward you. The goblin is attracted toward you.
It was a potion of invisibility.
You fade into invisibility!
* * * LOW HITPOINT WARNING * * *
You feel sick.
The goblin shoots a sling bullet.
The sling bullet closely misses the goblin.
The sling bullet misses you.
The goblin hits you with a +0 dagger of venom.
* * * LOW HITPOINT WARNING * * *
You are more poisoned.
The endoplasm hits you but does no damage.
The hobgoblin misses you.
It was a potion of mutation.
You feel extremely strange.
You feel genetically stable.
You die...

.......................####..####
#................#.#....#....#
........######...#......#.#.##
.###..### ..###.............
.....## .............#... ##...#
######...............# ##..##
#....##..........##..# ###.#
.....#....#...... # #.#
#.†#g@.......# # #.#
#(§ggJ#......# ###.#
#..([.....#......## ....##
##....#..##.....<.. .....#
######..#..####... .....##
..##......... ......###
.###..........
...##...######.........###
...####........#.........


You could see an endoplasm, a hobgoblin (unable to see you) and 2 goblins.

Vanquished Creatures
  A worm (D:2)
  2 dart slugs (D:1)
  An endoplasm (D:1)
  4 giant cockroaches
  3 goblins
  3 hobgoblins (D:1)
  3 kobolds (D:1)
  A quokka (D:1)
  5 bats
  2 frilled lizards (D:1)
  6 rats
31 creatures vanquished.

Notes
Turn   | Place    | Note
-------+----------+-------------------------------------------
     0 | D:1      | flotson the Demonspawn Wanderer began the quest for the
                  | Orb.
     0 | D:1      | flotson set off with the following items: a +3 dagger, 3
                  | curare-tipped darts, a +0 falchion, a scroll of silence, a
                  | +0 leather armour.
     0 | D:1      | Reached XP level 1. HP: 15/15 MP: 1/1
   168 | D:1      | Gained mutation: Your demonic aura sometimes causes spilled
                  | blood to erupt in flames. [demonic ancestry]
   168 | D:1      | Reached XP level 2. HP: 21/21 MP: 2/2
   613 | D:1      | Reached skill level 1 in Armour
   775 | D:1      | Gained mutation: Your demonic aura often causes spilled
                  | blood to erupt in flames. [demonic ancestry]
   775 | D:1      | Reached XP level 3. HP: 26/26 MP: 3/3
  1480 | D:2      | Gained mutation: You are somewhat resistant to further
                  | mutation. [potion of mutation]
  1480 | D:2      | Succumbed to a goblin's poison

Illustrated notes

Levels and vault maps discovered:
D:1:      noname_arrival_rooms_in_the_neighbourhood, layout_basic
D:2:      layout_basic, minmay_randomly_rotated_circles, uniq_terence

Skill      XL: |  1  2 |
---------------+-------+-----
Armour         | 1 |  1.2
Fighting       | |  1.7
Long Blades    | |  1.7
Throwing       | |  4.7
Dodging        | |  1.6
Stealth        | |  1.0

Action                   || total
-------------------------++-------
Melee: Dagger            ||    92
       Punch             ||     2
  Use: Potion            ||     3
 Stab: Sleeping          ||     4
Armor: Leather armour    ||    16
Dodge: Dodged            ||    79

Table legend: (Time is in decaauts)
 A = Elapsed time spent in this place.
 B = Non-inter-level travel time spent in this place.
 C = Inter-level travel time spent in this place.
 D = Time resting spent in this place.
 E = Time spent auto-exploring this place.
 F = Levels seen in this place.
 G = Mean time per level.
                   A        B        C        D        E       F      G
               +--------+--------+--------+--------+--------+-----+--------+
         Total |   1474 |   1451 |     23 |      0 |   1221 |   2 |  737.0 |
       Dungeon |   1474 |   1451 |     23 |      0 |   1221 |   2 |  737.0 |
               +--------+--------+--------+--------+--------+-----+--------+

Top non-repeatable levels by time:
     D:1: 1148 daAuts
     D:2: 325 daAuts
